Wolfes vs Ice Dragons
Created - March 30, 2020 at 19:00
Goals
|
| Wolfes |
2 |
2 |
2 |
6 |
| Ice Dragons |
4 |
1 |
3 |
8 |
|
Shots
|
| Wolfes |
11 |
13 |
11 |
35 |
| Ice Dragons |
15 |
7 |
16 |
38 |
|
1st period
1. Ice Dragons , Brandon Kozun 24 (Jordan LaVallee 44, Brian Boyle 53) at 9:50 (PP)
2. Ice Dragons , Jordan LaVallee 41 (Brian Boyle 54) at 10:25
3. Wolfes , Blake Pietila 41 (Alexandre Grenier 36, Pavel Kraskovsky 1) at 11:17
4. Ice Dragons , Jordan LaVallee 42 (Brian Boyle 55) at 11:40
5. Wolfes , Blake Pietila 42 (Alexandre Grenier 37, Anton Lindholm 15) at 16:09
6. Ice Dragons , Kevin Connauton 9 (Boone Jenner 45, Billy Sweat 26) at 17:13 (PP)
Penalties :
Sergei Plotnikov (RIM) for Hooking (Minor) at 9:01, Victor Olofsson (RIM) for Hooking (Minor) at 16:40
2nd period
7. Wolfes , Martin Hanzal 37 (Jeffrey Foss 23) at 12:50 (PP)
8. Ice Dragons , Chris Wagner 12 (Logan MacMillan 20, Corban Knight 40) at 17:13
9. Wolfes , Pavel Kraskovsky 1 (Jeffrey Foss 24, Michael Stone 37) at 19:27
Penalties :
Boone Jenner (Kin) for Hooking (Minor) at 3:52, Blake Pietila (RIM) for Holding (Minor) at 4:09, Chris Wagner (Kin) for Hooking (Minor) at 12:26, Brian Boyle (Kin) for Elbowing (Minor) at 19:49
3rd period
10. Ice Dragons , Brandon Kozun 25 (Jordan LaVallee 45) at 2:49 (PP)
11. Wolfes , Zachary Sanford 14 (Kyle Rau 23) at 4:01
12. Wolfes , Martin Hanzal 38 (Sergei Plotnikov 29) at 7:47
13. Ice Dragons , Boone Jenner 19 (Justin Shugg 15, Jerome Gauthier-Leduc 1) at 17:15
14. Ice Dragons , Billy Sweat 22 (Boone Jenner 46, Kevin Connauton 39) at 19:32
Penalties :
Thomas Spelling (RIM) for Holding (Minor) at 1:53, Thomas Spelling (RIM) for Hooking (Minor) at 17:31, Jeffrey Foss (RIM) for Hooking (Minor) at 19:35
Goalie Stats
Laurent Brossoit (RIM), 22 saves from 26 shots - (0.846), L, 27-20-3, 42:47 minutes
Jeremy Smith (RIM), 8 saves from 12 shots - (0.667), 17:13 minutes
Oscar Dansk (Kin), 29 saves from 35 shots - (0.829), W, 5-9-1, 60:00 minutes
Players Stats for Wolfes
Player Name G A P +/- PIM S H SB GA TA FO MP PP MP PK MP
------------------------------------------------------------------------------------
Alexandre Grenier 0 2 2 2 0 2 2 0 0 1 0/3 15:11 0:12 1:54
Anton Karlsson 0 0 0 0 0 0 4 0 0 1 0/1 14:27 1:13 0:00
Anton Lindholm 0 1 1 2 0 1 2 2 0 0 0/0 26:09 0:00 2:54
Benn Ferriero 0 0 0 -1 0 5 1 0 0 0 1/1 16:57 1:15 3:04
Blake Pietila 2 0 2 2 2 4 4 1 1 0 1/1 14:27 1:24 0:00
Chris Tierney 0 0 0 0 0 1 1 0 0 0 2/5 2:36 0:00 0:10
Jeffrey Foss 0 2 2 0 2 3 2 1 0 0 0/0 18:59 0:59 1:53
Joe Morrow 0 0 0 1 0 2 3 2 0 0 0/0 22:30 1:41 0:11
Joonas Lyytinen 0 0 0 -1 0 0 0 0 0 0 0/0 16:46 0:59 2:35
Kyle Rau 0 1 1 1 0 3 2 0 0 0 4/11 14:06 0:22 0:26
Martin Hanzal 2 0 2 -3 0 4 4 0 1 0 6/18 18:08 1:15 3:04
Michael Stone 0 1 1 -2 0 3 2 5 1 3 0/0 30:37 1:41 2:23
Pavel Kraskovsky 1 1 2 2 0 2 0 1 1 0 10/24 17:42 0:00 0:00
Sergei Plotnikov 0 1 1 -2 2 2 1 1 0 2 1/1 15:00 1:15 0:00
Thomas Spelling 0 0 0 0 4 0 2 0 1 1 1/2 16:23 0:00 0:00
Victor Olofsson 0 0 0 -2 2 0 2 1 0 1 2/4 14:44 1:03 0:00
Wes O'Neill 0 0 0 0 0 1 0 0 0 1 0/0 3:20 0:00 0:00
Zachary Sanford 1 0 1 1 0 2 3 0 1 2 4/9 15:12 0:00 1:18
Players Stats for Ice Dragons
Player Name G A P +/- PIM S H SB GA TA FO MP PP MP PK MP
------------------------------------------------------------------------------------
Adam Clendening 0 0 0 -1 0 1 2 1 0 0 0/0 19:13 1:59 0:00
Alex Henriksson 0 0 0 0 0 0 0 0 0 0 0/0 0:54 0:00 0:49
Alex Plante 0 0 0 -1 0 0 1 1 0 1 0/0 19:52 1:59 0:39
Billy Sweat 1 1 2 -1 0 5 3 1 1 0 0/0 17:40 2:06 0:00
Boone Jenner 1 2 3 -1 2 3 0 0 0 0 7/18 17:40 2:07 0:00
Brandon Kozun 2 0 2 1 0 4 0 0 1 1 2/3 20:50 2:51 0:00
Brayden McNabb 0 0 0 -1 0 1 2 0 1 0 0/0 29:25 2:59 2:01
Brian Boyle 0 3 3 1 2 3 2 5 1 0 27/39 22:22 2:51 0:41
Chris Wagner 1 0 1 0 2 1 0 0 0 0 0/0 12:39 0:00 0:00
Cole Ully 0 0 0 0 0 0 0 0 0 0 0/0 0:31 0:00 0:31
Corban Knight 0 1 1 0 0 5 1 0 1 0 5/5 13:45 0:01 0:37
Emil Pettersson 0 0 0 0 0 0 0 0 0 0 0/0 0:00 0:00 0:00
Jerome Gauthier-Leduc 0 1 1 2 0 0 0 0 0 0 0/0 10:43 0:00 0:00
Jordan LaVallee 2 2 4 1 0 7 1 0 2 1 5/10 26:48 2:51 1:51
Juho Lammikko 0 0 0 0 0 0 0 0 0 0 0/0 0:00 0:00 0:00
Justin Shugg 0 1 1 -1 0 2 4 2 0 1 1/3 17:40 2:06 0:00
Kevin Connauton 1 1 2 -1 0 3 3 1 2 1 0/0 29:25 2:59 2:01
Logan MacMillan 0 1 1 0 0 2 1 0 3 0 1/1 13:09 0:00 0:00
Phil Di Giuseppe 0 0 0 0 0 0 1 0 0 0 0/0 4:22 0:00 0:00
Robin Norell 0 0 0 2 0 1 0 0 0 0 0/0 11:22 0:00 0:39
Sam Carrick 0 0 0 0 0 0 1 0 0 1 0/1 5:45 0:01 0:51
Theodor Blueger 0 0 0 0 0 0 0 0 0 0 0/0 0:00 0:00 0:00
Thomas Gobeil 0 0 0 0 0 0 0 0 0 0 0/0 0:00 0:00 0:00
William Carrier 0 0 0 0 0 0 0 0 0 0 0/0 1:30 0:00 0:00
Zach Trotman 0 0 0 0 0 0 0 0 0 0 0/0 0:00 0:00 0:00
3 Stars
1 - Jordan LaVallee (Kin)
2 - Brandon Kozun (Kin)
3 - Blake Pietila (RIM)
Power Play
Wolfes - 1 on 3 Attempt(s) - 33.33%
Ice Dragons - 3 on 6 Attempt(s) - 50.00%
Penalty Kill
Wolfes - 3 on 6 Attempt(s) - 50.00%
- Score 0 goal in Penalty Kill
Ice Dragons - 2 on 3 Attempt(s) - 66.67%
- Score 0 goal in Penalty Kill
Team Stat
Wolfes - Hits : 35 - Faceoff Wins : 32 - Blocked Shots : 14 - Penalty Minutes : 12
Ice Dragons - Hits : 22 - Faceoff Wins : 48 - Blocked Shots : 11 - Penalty Minutes : 6
Official
Referees : Unknown
Linesman : Unknown
Game Notes
Wes O'Neill is injured at 10:21 of 1st period (Left Leg)
Chris Tierney is injured at 11:38 of 1st period (Upper Body)
Laurent Brossoit enters game at 17:13 of 1st period
17:15 of 3rd period - Ice Dragons goal is going for a video replay. After video review, Goal.
Finance
Level 1 -- Attendance: 1439 (71.95%) -- Ticket Income $57,560
Level 2 -- Attendance: 664 (66.40%) -- Ticket Income $13,280
Total Attendance: 2103 (70.10%)
Total Ticket Income: $70,840
Other Income: $3,542
Total Income: $74,382
Wolfes
5 vs 5 Forward
Center Left Wing Right Wing Time % Phy DF OF
1 Chris Tierney Anton Karlsson Benn Ferriero 25 1 2 2
2 Pavel Kraskovsky Blake Pietila Alexandre Grenier 25 1 2 2
3 Martin Hanzal Sergei Plotnikov Victor Olofsson 25 1 2 2
4 Kyle Rau Zachary Sanford Thomas Spelling 25 1 2 2
5 vs 5 Defense
Defense Defense Time % Phy DF OF
1 Wes O'Neill Michael Stone 30 1 2 2
2 Joe Morrow Anton Lindholm 30 1 2 2
3 Michael Stone Jeffrey Foss 30 1 2 2
4 Wes O'Neill Anton Lindholm 10 1 2 2
PowerPlay Forward
Center Left Wing Right Wing Time % Phy DF OF
1 Chris Tierney Blake Pietila Anton Karlsson 50 1 2 2
2 Martin Hanzal Sergei Plotnikov Benn Ferriero 50 1 2 2
PowerPlay Defense
Defense Defense Time % Phy DF OF
1 Michael Stone Joe Morrow 60 1 2 2
2 Jeffrey Foss Joonas Lyytinen 40 1 2 2
Penalty Kill 4 Players Forward
Center Wing Time % Phy DF OF
1 Chris Tierney Alexandre Grenier 50 1 2 2
2 Martin Hanzal Benn Ferriero 50 1 2 2
Penalty Kill 4 Players Defense
Defense Defense Time % Phy DF OF
1 Anton Lindholm Wes O'Neill 50 1 2 2
2 Jeffrey Foss Michael Stone 50 1 2 2
Penalty Kill - 3 Players Forward
Forward Time % Phy DF OF
1 Martin Hanzal 50 1 2 2
2 Chris Tierney 50 1 2 2
Penalty Kill - 3 Players Defense
Defense Defense Time % Phy DF OF
1 Anton Lindholm Michael Stone 60 1 2 2
2 Wes O'Neill Joe Morrow 40 1 2 2
4 vs 4 Forward
Center Wing Time % Phy DF OF
1 Martin Hanzal Victor Olofsson 50 1 2 2
2 Chris Tierney Anton Karlsson 50 1 2 2
4 vs 4 Defense
Defense Defense Time % Phy DF OF
1 Joe Morrow Anton Lindholm 50 1 2 2
2 Wes O'Neill Joonas Lyytinen 50 1 2 2
Last Minutes Offensive
Center Left Wing Right Wing Defense Defense
Martin Hanzal Blake Pietila Victor Olofsson Michael Stone Joe Morrow
Last Minutes Defensive
Center Left Wing Right Wing Defense Defense
Chris Tierney Sergei Plotnikov Alexandre Grenier Anton Lindholm Joe Morrow
Goaltenders
Starting : Jeremy Smith
Backup : Laurent Brossoit
Extra Forwards
Normal : Pavel Kraskovsky, Thomas Spelling, Zachary Sanford - PP : Victor Olofsson, Benn Ferriero - PK : Zachary Sanford
Extra Defensemen
Normal : Joonas Lyytinen, Anton Lindholm, Michael Stone - PP : Anton Lindholm - PK : Anton Lindholm, Joonas Lyytinen
Penalty Shots
Benn Ferriero, Victor Olofsson, Thomas Spelling, Blake Pietila, Sergei Plotnikov
Scratches
Scott Timmins (Healthy), Christophe Lalancette (Healthy), Charles-Olivier Roussel (Healthy), Klas Dahlbeck (Healthy), Matt Grzelcyk (Healthy)
Remi Elie (Healthy), Jyrki Jokipakka (Healthy), Vladimir Zharkov (Healthy), Nicolas Deschamps (Healthy), Angelo Esposito (Healthy)
Louis Belpedio (Healthy), Jacob Lagacé (Healthy), Cameron Darcy (Healthy), Fredrik Olofsson (Healthy), Nolan Vesey (Healthy)
Vaclav Karabacek (Healthy), Kyle Pettit (Healthy), Dylan Sadowy (Healthy), Ebbe Siönäs (Healthy), Sami Aittokallio (Healthy)
Ice Dragons
5 vs 5 Forward
Center Left Wing Right Wing Time % Phy DF OF
1 Brian Boyle Jordan LaVallee Brandon Kozun 40 1 2 2
2 Boone Jenner Billy Sweat Justin Shugg 30 1 2 2
3 Corban Knight Logan MacMillan Chris Wagner 20 1 2 2
4 Sam Carrick Phil Di Giuseppe Jordan LaVallee 10 1 2 2
5 vs 5 Defense
Defense Defense Time % Phy DF OF
1 Brayden McNabb Kevin Connauton 40 1 2 2
2 Adam Clendening Alex Plante 30 1 2 2
3 Jerome Gauthier-Leduc Robin Norell 20 1 2 2
4 Brayden McNabb Kevin Connauton 10 1 2 2
PowerPlay Forward
Center Left Wing Right Wing Time % Phy DF OF
1 Brian Boyle Jordan LaVallee Brandon Kozun 60 1 1 3
2 Boone Jenner Billy Sweat Justin Shugg 40 1 1 3
PowerPlay Defense
Defense Defense Time % Phy DF OF
1 Brayden McNabb Kevin Connauton 60 1 1 3
2 Adam Clendening Alex Plante 40 1 1 3
Penalty Kill 4 Players Forward
Center Wing Time % Phy DF OF
1 Jordan LaVallee Brian Boyle 60 1 4 0
2 Boone Jenner Corban Knight 40 1 4 0
Penalty Kill 4 Players Defense
Defense Defense Time % Phy DF OF
1 Brayden McNabb Kevin Connauton 60 1 4 0
2 Robin Norell Alex Plante 40 1 4 0
Penalty Kill - 3 Players Forward
Forward Time % Phy DF OF
1 Jordan LaVallee 60 1 4 0
2 Brian Boyle 40 1 4 0
Penalty Kill - 3 Players Defense
Defense Defense Time % Phy DF OF
1 Brayden McNabb Kevin Connauton 60 1 4 0
2 Robin Norell Alex Plante 40 1 4 0
4 vs 4 Forward
Center Wing Time % Phy DF OF
1 Jordan LaVallee Brian Boyle 60 1 2 2
2 Boone Jenner Corban Knight 40 1 2 2
4 vs 4 Defense
Defense Defense Time % Phy DF OF
1 Brayden McNabb Kevin Connauton 60 1 2 2
2 Adam Clendening Alex Plante 40 1 2 2
Last Minutes Offensive
Center Left Wing Right Wing Defense Defense
Brian Boyle Jordan LaVallee Boone Jenner Brayden McNabb Kevin Connauton
Last Minutes Defensive
Center Left Wing Right Wing Defense Defense
Brian Boyle Jordan LaVallee Logan MacMillan Brayden McNabb Kevin Connauton
Goaltenders
Starting : Oscar Dansk
Backup : Harru Sateri
Extra Forwards
Normal : William Carrier, Logan MacMillan, Sam Carrick - PP : William Carrier, Logan MacMillan - PK : Sam Carrick
Extra Defensemen
Normal : Adam Clendening, Robin Norell, Jerome Gauthier-Leduc - PP : Alex Plante - PK : Robin Norell, Alex Plante
Penalty Shots
Jordan LaVallee, Brian Boyle, Boone Jenner, Corban Knight, Billy Sweat
Scratches
Samuel Groulx (Right Ankle Injury)
% Time on Ice - Wolfes
Lines # - Real PCT - Wanted PCT - Time Play
Normal Forward
1 - 25% - 25% - 12:31
2 - 25% - 25% - 12:50
3 - 26% - 25% - 13:02
4 - 24% - 25% - 12:17
Normal Defense
1 - 31% - 30% - 15:44
2 - 28% - 30% - 14:12
3 - 27% - 30% - 13:37
4 - 14% - 10% - 7:07
PP Forward
1 - 53% - 50% - 1:25
2 - 47% - 50% - 1:15
PP Defense
1 - 63% - 60% - 1:41
2 - 37% - 40% - 0:59
PK Forward
1 - 38% - 50% - 1:54
2 - 62% - 50% - 3:04
PK Defense
1 - 50% - 50% - 2:30
2 - 50% - 50% - 2:28
PK3 Forward
1 - 0% - 50%
2 - 0% - 50%
PK3 Defense
1 - 0% - 60%
2 - 0% - 40%
44 Forward
1 - 39% - 50% - 0:40
2 - 61% - 50% - 1:02
44 Defense
1 - 45% - 50% - 0:46
2 - 55% - 50% - 0:56
Last Minute Offensive - 0:00
Last Minute Defensive - 0:00
Total
Forward - 60:00
Defense - 60:00
|
% Time on Ice - Ice Dragons
Lines # - Real PCT - Wanted PCT - Time Play
Normal Forward
1 - 36% - 40% - 18:04
2 - 31% - 30% - 15:34
3 - 25% - 20% - 12:40
4 - 9% - 10% - 4:22
Normal Defense
1 - 40% - 40% - 20:16
2 - 33% - 30% - 16:38
3 - 21% - 20% - 10:43
4 - 6% - 10% - 3:03
PP Forward
1 - 57% - 60% - 2:51
2 - 43% - 40% - 2:07
PP Defense
1 - 60% - 60% - 2:59
2 - 40% - 40% - 1:59
PK Forward
1 - 100% - 60% - 2:40
2 - 0% - 40% - 0:00
PK Defense
1 - 76% - 60% - 2:01
2 - 24% - 40% - 0:39
PK3 Forward
1 - 0% - 60%
2 - 0% - 40%
PK3 Defense
1 - 0% - 60%
2 - 0% - 40%
44 Forward
1 - 74% - 60% - 1:15
2 - 26% - 40% - 0:27
44 Defense
1 - 65% - 60% - 1:06
2 - 35% - 40% - 0:36
Last Minute Offensive - 0:00
Last Minute Defensive - 0:00
Total
Forward - 60:00
Defense - 60:00
|
Play-by-Play
1st period
0:01 of 1st period - Brian Boyle wins face-off versus Anton Karlsson in neutral zone.
0:31 of 1st period - Brayden McNabb is hit by Michael Stone and loses puck.
0:58 of 1st period - Wrist shot by Logan MacMillan.
0:58 of 1st period - Stopped by Jeremy Smith with a rebound.
1:16 of 1st period - Snap shot by Zachary Sanford.
1:16 of 1st period - Deflect By Kyle Rau.
1:16 of 1st period - Stopped by Oscar Dansk with a rebound.
2:29 of 1st period - Snap shot by Michael Stone.
2:29 of 1st period - Deflect By Sergei Plotnikov.
2:29 of 1st period - Shot Misses the Net.
2:29 of 1st period - Puck is out of play.
2:30 of 1st period - Brian Boyle wins face-off versus Martin Hanzal in Ice Dragons zone.
2:30 of 1st period - Brian Boyle is hit by Victor Olofsson.
2:59 of 1st period - Wrist shot by Boone Jenner.
2:59 of 1st period - Deflect By Justin Shugg.
2:59 of 1st period - Shot Misses the Net.
2:59 of 1st period - Puck is out of play.
3:00 of 1st period - Corban Knight wins face-off versus Pavel Kraskovsky in Wolfes zone.
3:17 of 1st period - Logan MacMillan is hit by Blake Pietila and loses puck.
3:36 of 1st period - Snap shot by Brian Boyle.
3:36 of 1st period - Shot Blocked by Michael Stone.
3:38 of 1st period - Wrist shot by Jordan LaVallee.
3:38 of 1st period - Stopped by Jeremy Smith without a rebound.
3:39 of 1st period - Victor Olofsson wins face-off versus Boone Jenner in Wolfes zone.
3:43 of 1st period - Off-side.
3:44 of 1st period - Boone Jenner wins face-off versus Martin Hanzal in neutral zone.
3:47 of 1st period - Slapshot by Kevin Connauton.
3:47 of 1st period - Shot Blocked by Anton Lindholm.
3:49 of 1st period - Wrist shot by Justin Shugg.
3:49 of 1st period - Stopped by Jeremy Smith with a rebound.
3:51 of 1st period - Slapshot by Kevin Connauton.
3:51 of 1st period - Deflect By Billy Sweat.
3:51 of 1st period - Shot Misses the Net.
3:51 of 1st period - Puck is out of play.
3:52 of 1st period - Chris Tierney wins face-off versus Brian Boyle in Wolfes zone.
3:52 of 1st period - Chris Tierney is hit by Brian Boyle.
3:58 of 1st period - Brandon Kozun is hit by Chris Tierney and loses puck.
4:17 of 1st period - Kevin Connauton is hit by Anton Lindholm and loses puck.
4:42 of 1st period - Robin Norell is hit by Martin Hanzal and loses puck.
4:51 of 1st period - Wrist shot by Martin Hanzal.
4:51 of 1st period - Shot Misses the Net.
5:03 of 1st period - Slapshot by Chris Tierney.
5:03 of 1st period - Stopped by Oscar Dansk without a rebound.
5:04 of 1st period - Brian Boyle wins face-off versus Chris Tierney in Ice Dragons zone.
5:11 of 1st period - Chris Tierney is hit by Alex Plante and loses puck.
5:20 of 1st period - Slapshot by Jordan LaVallee.
5:20 of 1st period - Shot Hit the Post.
6:36 of 1st period - Snap shot by Benn Ferriero.
6:36 of 1st period - Shot Misses the Net.
6:40 of 1st period - Snap shot by Chris Tierney.
6:40 of 1st period - Shot Misses the Net.
6:42 of 1st period - Slapshot by Wes O'Neill.
6:42 of 1st period - Stopped by Oscar Dansk without a rebound.
6:43 of 1st period - Pavel Kraskovsky wins face-off versus Boone Jenner in Ice Dragons zone.
7:01 of 1st period - Kevin Connauton is hit by Alexandre Grenier and loses puck.
7:53 of 1st period - Joe Morrow is hit by Logan MacMillan and loses puck.
8:02 of 1st period - Wrist shot by Corban Knight.
8:02 of 1st period - Shot Misses the Net.
8:04 of 1st period - Wrist shot by Corban Knight.
8:04 of 1st period - Deflect By Logan MacMillan.
8:04 of 1st period - Stopped by Jeremy Smith with a rebound.
8:50 of 1st period - Wrist shot by Corban Knight.
8:50 of 1st period - Deflect By Kyle Rau.
8:50 of 1st period - Stopped by Jeremy Smith without a rebound.
8:51 of 1st period - Victor Olofsson wins face-off versus Brian Boyle in Wolfes zone.
9:01 of 1st period - Minor Penalty to Sergei Plotnikov for Hooking.
9:02 of 1st period - Jordan LaVallee wins face-off versus Chris Tierney in Wolfes zone.
9:04 of 1st period - Snap shot by Brian Boyle.
9:04 of 1st period - Shot Blocked by Michael Stone.
9:27 of 1st period - Slapshot by Michael Stone.
9:27 of 1st period - Shot Misses the Net.
9:48 of 1st period - Wrist shot by Jordan LaVallee.
9:48 of 1st period - Shot Misses the Net.
9:50 of 1st period - Wrist shot by Brandon Kozun.
9:50 of 1st period - Goal by Brandon Kozun - Wolfes : 0 - Ice Dragons : 1.
9:51 of 1st period - Boone Jenner wins face-off versus Pavel Kraskovsky in neutral zone.
9:53 of 1st period - Off-side.
9:54 of 1st period - Boone Jenner wins face-off versus Pavel Kraskovsky in neutral zone.
10:05 of 1st period - Billy Sweat is hit by Blake Pietila and loses puck.
10:20 of 1st period - Wes O'Neill is hit by Jordan LaVallee and loses puck.
10:21 of 1st period - Wes O'Neill from Wolfes is injured at 10:21 of 1st period (Left Leg).
10:22 of 1st period - Brian Boyle wins face-off versus Martin Hanzal in Wolfes zone.
10:25 of 1st period - Wrist shot by Jordan LaVallee.
10:25 of 1st period - Goal by Jordan LaVallee - Wolfes : 0 - Ice Dragons : 2.
10:26 of 1st period - Brian Boyle wins face-off versus Martin Hanzal in neutral zone.
10:59 of 1st period - Snap shot by Jordan LaVallee.
10:59 of 1st period - Stopped by Jeremy Smith without a rebound.
11:00 of 1st period - Pavel Kraskovsky wins face-off versus Justin Shugg in Wolfes zone.
11:07 of 1st period - Snap shot by Blake Pietila.
11:07 of 1st period - Shot Blocked by Alex Plante.
11:09 of 1st period - Snap shot by Alexandre Grenier.
11:09 of 1st period - Stopped by Oscar Dansk with a rebound.
11:11 of 1st period - Snap shot by Alexandre Grenier.
11:11 of 1st period - Shot Misses the Net.
11:13 of 1st period - Wrist shot by Blake Pietila.
11:13 of 1st period - Shot Blocked by Adam Clendening.
11:15 of 1st period - Snap shot by Alexandre Grenier.
11:15 of 1st period - Shot Misses the Net.
11:17 of 1st period - Wrist shot by Blake Pietila.
11:17 of 1st period - Goal by Blake Pietila - Wolfes : 1 - Ice Dragons : 2.
11:18 of 1st period - Brian Boyle wins face-off versus Chris Tierney in neutral zone.
11:25 of 1st period - Snap shot by Benn Ferriero.
11:25 of 1st period - Shot Blocked by Brian Boyle.
11:27 of 1st period - Wrist shot by Chris Tierney.
11:27 of 1st period - Shot Blocked by Brian Boyle.
11:36 of 1st period - Icing by Jeffrey Foss.
11:37 of 1st period - Chris Tierney wins face-off versus Boone Jenner in Wolfes zone.
11:37 of 1st period - Chris Tierney is hit by Justin Shugg.
11:38 of 1st period - Chris Tierney from Wolfes is injured at 11:38 of 1st period (Upper Body).
11:39 of 1st period - Brian Boyle wins face-off versus Martin Hanzal in Wolfes zone.
11:40 of 1st period - Snap shot by Jordan LaVallee.
11:40 of 1st period - Goal by Jordan LaVallee - Wolfes : 1 - Ice Dragons : 3.
11:41 of 1st period - Brian Boyle wins face-off versus Martin Hanzal in neutral zone.
12:49 of 1st period - Snap shot by Martin Hanzal.
12:49 of 1st period - Stopped by Oscar Dansk with a rebound.
13:21 of 1st period - Icing by Blake Pietila.
13:22 of 1st period - Pavel Kraskovsky wins face-off versus Brandon Kozun in Wolfes zone.
13:51 of 1st period - Wrist shot by Martin Hanzal.
13:51 of 1st period - Stopped by Oscar Dansk without a rebound.
13:52 of 1st period - Martin Hanzal wins face-off versus Boone Jenner in Ice Dragons zone.
13:53 of 1st period - Slapshot by Sergei Plotnikov.
13:53 of 1st period - Shot Blocked by Billy Sweat.
14:19 of 1st period - Anton Lindholm is hit by Kevin Connauton and loses puck.
14:24 of 1st period - Backhand shot by Brian Boyle.
14:24 of 1st period - Stopped by Jeremy Smith without a rebound.
14:25 of 1st period - Martin Hanzal wins face-off versus Brian Boyle in Wolfes zone.
14:40 of 1st period - Slapshot by Brandon Kozun.
14:40 of 1st period - Shot Misses the Net.
14:54 of 1st period - Snap shot by Billy Sweat.
14:54 of 1st period - Shot Misses the Net.
14:56 of 1st period - Slapshot by Alex Plante.
14:56 of 1st period - Deflect By Boone Jenner.
14:56 of 1st period - Shot Misses the Net.
14:56 of 1st period - Puck is out of play.
14:57 of 1st period - Brian Boyle wins face-off versus Alexandre Grenier in Wolfes zone.
15:13 of 1st period - Off-side.
15:14 of 1st period - Boone Jenner wins face-off versus Pavel Kraskovsky in neutral zone.
15:21 of 1st period - Snap shot by Benn Ferriero.
15:21 of 1st period - Stopped by Oscar Dansk with a rebound.
15:39 of 1st period - Zachary Sanford is hit by Brian Boyle and loses puck.
15:46 of 1st period - Brandon Kozun is hit by Kyle Rau.
16:09 of 1st period - Snap shot by Alexandre Grenier.
16:09 of 1st period - Deflect By Blake Pietila.
16:09 of 1st period - Goal by Blake Pietila - Wolfes : 2 - Ice Dragons : 3.
16:10 of 1st period - Brian Boyle wins face-off versus Pavel Kraskovsky in neutral zone.
16:35 of 1st period - Icing by Jordan LaVallee.
16:36 of 1st period - Boone Jenner wins face-off versus Martin Hanzal in Ice Dragons zone.
16:40 of 1st period - Minor Penalty to Victor Olofsson for Hooking.
16:41 of 1st period - Zachary Sanford wins face-off versus Brian Boyle in Wolfes zone.
17:09 of 1st period - Snap shot by Billy Sweat.
17:09 of 1st period - Stopped by Jeremy Smith with a rebound.
17:11 of 1st period - Snap shot by Boone Jenner.
17:11 of 1st period - Shot Misses the Net.
17:13 of 1st period - Slapshot by Kevin Connauton.
17:13 of 1st period - Goal by Kevin Connauton - Wolfes : 2 - Ice Dragons : 4.
17:13 of 1st period - Laurent Brossoit enters game.
17:14 of 1st period - Pavel Kraskovsky wins face-off versus Jordan LaVallee in neutral zone.
17:19 of 1st period - Snap shot by Jordan LaVallee.
17:19 of 1st period - Stopped by Laurent Brossoit without a rebound.
17:20 of 1st period - Brian Boyle wins face-off versus Pavel Kraskovsky in Wolfes zone.
17:47 of 1st period - Wrist shot by Benn Ferriero.
17:47 of 1st period - Stopped by Oscar Dansk with a rebound.
18:25 of 1st period - Anton Lindholm is hit by Phil Di Giuseppe and loses puck.
18:44 of 1st period - Slapshot by Alexandre Grenier.
18:44 of 1st period - Stopped by Oscar Dansk with a rebound.
19:00 of 1st period - Robin Norell is hit by Joe Morrow and loses puck.
19:05 of 1st period - Snap shot by Benn Ferriero.
19:05 of 1st period - Shot Hit the Post.
19:27 of 1st period - Snap shot by Corban Knight.
19:27 of 1st period - Shot Blocked by Michael Stone.
19:29 of 1st period - Wrist shot by Corban Knight.
19:29 of 1st period - Stopped by Laurent Brossoit with a rebound.
19:31 of 1st period - Slapshot by Corban Knight.
19:31 of 1st period - Stopped by Laurent Brossoit with a rebound.
19:33 of 1st period - Slapshot by Adam Clendening.
19:33 of 1st period - Shot Blocked by Jeffrey Foss.
19:35 of 1st period - Slapshot by Corban Knight.
19:35 of 1st period - Shot Blocked by Sergei Plotnikov.
Goals for this period are 2 for Wolfes vs 4 for Ice Dragons.
Shots for this period are 11 for Wolfes vs 15 for Ice Dragons.
2nd period
0:01 of 2nd period - Brian Boyle wins face-off versus Kyle Rau in neutral zone.
0:10 of 2nd period - Wrist shot by Zachary Sanford.
0:10 of 2nd period - Stopped by Oscar Dansk with a rebound.
0:12 of 2nd period - Slapshot by Jeffrey Foss.
0:12 of 2nd period - Stopped by Oscar Dansk without a rebound.
0:13 of 2nd period - Jordan LaVallee wins face-off versus Kyle Rau in Ice Dragons zone.
1:04 of 2nd period - Slapshot by Brayden McNabb.
1:04 of 2nd period - Shot Blocked by Anton Lindholm.
1:50 of 2nd period - Wrist shot by Benn Ferriero.
1:50 of 2nd period - Shot Misses the Net.
2:18 of 2nd period - Backhand shot by Zachary Sanford.
2:18 of 2nd period - Shot Blocked by Brian Boyle.
2:20 of 2nd period - Slapshot by Michael Stone.
2:20 of 2nd period - Stopped by Oscar Dansk without a rebound.
2:21 of 2nd period - Thomas Spelling wins face-off versus Brian Boyle in Ice Dragons zone.
2:28 of 2nd period - Jordan LaVallee is hit by Anton Karlsson and loses puck.
2:33 of 2nd period - Snap shot by Thomas Spelling.
2:33 of 2nd period - Shot Misses the Net.
2:35 of 2nd period - Snap shot by Benn Ferriero.
2:35 of 2nd period - Stopped by Oscar Dansk with a rebound.
3:21 of 2nd period - Snap shot by Corban Knight.
3:21 of 2nd period - Shot Misses the Net.
3:31 of 2nd period - Snap shot by Corban Knight.
3:31 of 2nd period - Stopped by Laurent Brossoit without a rebound.
3:32 of 2nd period - Blake Pietila wins face-off versus Brian Boyle in Wolfes zone.
3:43 of 2nd period - Snap shot by Blake Pietila.
3:43 of 2nd period - Shot Blocked by Brian Boyle.
3:47 of 2nd period - Snap shot by Blake Pietila.
3:47 of 2nd period - Stopped by Oscar Dansk without a rebound.
3:48 of 2nd period - Pavel Kraskovsky wins face-off versus Justin Shugg in Ice Dragons zone.
3:52 of 2nd period - Minor Penalty to Boone Jenner for Hooking.
3:53 of 2nd period - Jordan LaVallee wins face-off versus Victor Olofsson in Ice Dragons zone.
4:09 of 2nd period - Minor Penalty to Blake Pietila for Holding.
4:10 of 2nd period - Martin Hanzal wins face-off versus Jordan LaVallee in Wolfes zone.
4:40 of 2nd period - Jordan LaVallee is hit by Anton Karlsson and loses puck.
4:45 of 2nd period - Slapshot by Joe Morrow.
4:45 of 2nd period - Shot Misses the Net.
5:28 of 2nd period - Alex Plante is hit by Martin Hanzal and loses puck.
5:47 of 2nd period - Adam Clendening is hit by Thomas Spelling and loses puck.
5:52 of 2nd period - Penalty to Boone Jenner is over, Boone Jenner is back on ice.
6:09 of 2nd period - Penalty to Blake Pietila is over, Blake Pietila is back on ice.
6:22 of 2nd period - Logan MacMillan is hit by Michael Stone and loses puck.
7:26 of 2nd period - Logan MacMillan is hit by Martin Hanzal and loses puck.
7:37 of 2nd period - Robin Norell is hit by Blake Pietila.
8:04 of 2nd period - Wrist shot by Martin Hanzal.
8:04 of 2nd period - Shot Blocked by Justin Shugg.
8:16 of 2nd period - Zachary Sanford is hit by Sam Carrick and loses puck.
8:39 of 2nd period - Brandon Kozun is hit by Jeffrey Foss and loses puck.
9:28 of 2nd period - Corban Knight is hit by Jeffrey Foss.
9:45 of 2nd period - Jerome Gauthier-Leduc is hit by Zachary Sanford.
10:00 of 2nd period - Anton Lindholm is hit by Kevin Connauton.
10:50 of 2nd period - Joe Morrow is hit by Kevin Connauton and loses puck.
11:05 of 2nd period - Joonas Lyytinen is hit by Billy Sweat and loses puck.
11:33 of 2nd period - Anton Karlsson is hit by Corban Knight and loses puck.
12:15 of 2nd period - Thomas Spelling is hit by Brayden McNabb and loses puck.
12:26 of 2nd period - Minor Penalty to Chris Wagner for Hooking.
12:27 of 2nd period - Martin Hanzal wins face-off versus Jordan LaVallee in Ice Dragons zone.
12:30 of 2nd period - Wrist shot by Martin Hanzal.
12:30 of 2nd period - Shot Blocked by Brian Boyle.
12:32 of 2nd period - Snap shot by Benn Ferriero.
12:32 of 2nd period - Shot Misses the Net.
12:34 of 2nd period - Snap shot by Benn Ferriero.
12:34 of 2nd period - Stopped by Oscar Dansk with a rebound.
12:36 of 2nd period - Snap shot by Sergei Plotnikov.
12:36 of 2nd period - Stopped by Oscar Dansk without a rebound.
12:37 of 2nd period - Sergei Plotnikov wins face-off versus Jordan LaVallee in Ice Dragons zone.
12:50 of 2nd period - Wrist shot by Martin Hanzal.
12:50 of 2nd period - Goal by Martin Hanzal - Wolfes : 3 - Ice Dragons : 4.
12:51 of 2nd period - Brian Boyle wins face-off versus Pavel Kraskovsky in neutral zone.
13:39 of 2nd period - Snap shot by Corban Knight.
13:39 of 2nd period - Stopped by Laurent Brossoit with a rebound.
13:48 of 2nd period - Icing by Zachary Sanford.
13:49 of 2nd period - Brian Boyle wins face-off versus Kyle Rau in Wolfes zone.
14:18 of 2nd period - Alex Plante is hit by Zachary Sanford and loses puck.
14:25 of 2nd period - Slapshot by Adam Clendening.
14:25 of 2nd period - Stopped by Laurent Brossoit without a rebound.
14:26 of 2nd period - Pavel Kraskovsky wins face-off versus Boone Jenner in Wolfes zone.
14:56 of 2nd period - Slapshot by Jeffrey Foss.
14:56 of 2nd period - Deflect By Brian Boyle.
14:56 of 2nd period - Stopped by Oscar Dansk with a rebound.
15:32 of 2nd period - Icing by Alex Plante.
15:33 of 2nd period - Corban Knight wins face-off versus Pavel Kraskovsky in Ice Dragons zone.
15:38 of 2nd period - Slapshot by Alex Plante.
15:38 of 2nd period - Deflect By Chris Wagner.
15:38 of 2nd period - Shot Misses the Net.
15:38 of 2nd period - Puck is out of play.
15:39 of 2nd period - Brian Boyle wins face-off versus Alexandre Grenier in Wolfes zone.
15:44 of 2nd period - Snap shot by Jordan LaVallee.
15:44 of 2nd period - Shot Misses the Net.
15:52 of 2nd period - Snap shot by Michael Stone.
15:52 of 2nd period - Shot Blocked by Kevin Connauton.
15:54 of 2nd period - Slapshot by Michael Stone.
15:54 of 2nd period - Deflect By Jordan LaVallee.
15:54 of 2nd period - Stopped by Oscar Dansk with a rebound.
16:19 of 2nd period - Snap shot by Brandon Kozun.
16:19 of 2nd period - Stopped by Laurent Brossoit with a rebound.
16:33 of 2nd period - Victor Olofsson is hit by Billy Sweat and loses puck.
16:37 of 2nd period - Icing by Anton Lindholm.
16:38 of 2nd period - Martin Hanzal wins face-off versus Boone Jenner in Wolfes zone.
16:49 of 2nd period - Snap shot by Billy Sweat.
16:49 of 2nd period - Shot Misses the Net.
16:59 of 2nd period - Wrist shot by Brayden McNabb.
16:59 of 2nd period - Shot Misses the Net.
17:01 of 2nd period - Slapshot by Justin Shugg.
17:01 of 2nd period - Shot Blocked by Victor Olofsson.
17:03 of 2nd period - Slapshot by Robin Norell.
17:03 of 2nd period - Stopped by Laurent Brossoit without a rebound.
17:04 of 2nd period - Corban Knight wins face-off versus Pavel Kraskovsky in Wolfes zone.
17:11 of 2nd period - Wrist shot by Logan MacMillan.
17:11 of 2nd period - Shot Blocked by Michael Stone.
17:13 of 2nd period - Snap shot by Chris Wagner.
17:13 of 2nd period - Goal by Chris Wagner - Wolfes : 3 - Ice Dragons : 5.
17:14 of 2nd period - Brian Boyle wins face-off versus Kyle Rau in neutral zone.
17:17 of 2nd period - Slapshot by Kevin Connauton.
17:17 of 2nd period - Shot Blocked by Joe Morrow.
17:25 of 2nd period - Brandon Kozun is hit by Thomas Spelling and loses puck.
17:40 of 2nd period - Anton Lindholm is hit by Justin Shugg and loses puck.
18:08 of 2nd period - Chris Wagner is hit by Benn Ferriero and loses puck.
18:27 of 2nd period - Slapshot by Jordan LaVallee.
18:27 of 2nd period - Stopped by Laurent Brossoit without a rebound.
18:28 of 2nd period - Pavel Kraskovsky wins face-off versus Boone Jenner in Wolfes zone.
18:28 of 2nd period - Pavel Kraskovsky is hit by Adam Clendening.
18:56 of 2nd period - Icing by Jordan LaVallee.
18:57 of 2nd period - Brian Boyle wins face-off versus Thomas Spelling in Ice Dragons zone.
19:13 of 2nd period - Off-side.
19:14 of 2nd period - Justin Shugg wins face-off versus Pavel Kraskovsky in neutral zone.
19:19 of 2nd period - Snap shot by Boone Jenner.
19:19 of 2nd period - Shot Blocked by Blake Pietila.
19:25 of 2nd period - Slapshot by Jeffrey Foss.
19:25 of 2nd period - Stopped by Oscar Dansk with a rebound.
19:27 of 2nd period - Snap shot by Pavel Kraskovsky.
19:27 of 2nd period - Goal by Pavel Kraskovsky - Wolfes : 4 - Ice Dragons : 5.
19:28 of 2nd period - Brian Boyle wins face-off versus Kyle Rau in neutral zone.
19:43 of 2nd period - Snap shot by Kyle Rau.
19:43 of 2nd period - Stopped by Oscar Dansk with a rebound.
19:49 of 2nd period - Minor Penalty to Brian Boyle for Elbowing.
19:50 of 2nd period - Jordan LaVallee wins face-off versus Victor Olofsson in Ice Dragons zone.
Goals for this period are 2 for Wolfes vs 1 for Ice Dragons.
Shots for this period are 13 for Wolfes vs 7 for Ice Dragons.
3rd period
0:01 of 3rd period - Jordan LaVallee wins face-off versus Martin Hanzal in neutral zone.
0:12 of 3rd period - Joe Morrow is hit by Brayden McNabb and loses puck.
0:25 of 3rd period - Brayden McNabb is hit by Anton Karlsson and loses puck.
1:49 of 3rd period - Penalty to Brian Boyle is over, Brian Boyle is back on ice.
1:53 of 3rd period - Minor Penalty to Thomas Spelling for Holding.
1:54 of 3rd period - Zachary Sanford wins face-off versus Boone Jenner in Wolfes zone.
2:25 of 3rd period - Snap shot by Brian Boyle.
2:25 of 3rd period - Stopped by Laurent Brossoit without a rebound.
2:26 of 3rd period - Brian Boyle wins face-off versus Zachary Sanford in Wolfes zone.
2:31 of 3rd period - Slapshot by Brian Boyle.
2:31 of 3rd period - Stopped by Laurent Brossoit without a rebound.
2:32 of 3rd period - Brian Boyle wins face-off versus Zachary Sanford in Wolfes zone.
2:33 of 3rd period - Wrist shot by Jordan LaVallee.
2:33 of 3rd period - Stopped by Laurent Brossoit without a rebound.
2:34 of 3rd period - Zachary Sanford wins face-off versus Brian Boyle in Wolfes zone.
2:43 of 3rd period - Wrist shot by Kevin Connauton.
2:43 of 3rd period - Deflect By Brian Boyle.
2:43 of 3rd period - Shot Misses the Net.
2:43 of 3rd period - Puck is out of play.
2:44 of 3rd period - Brandon Kozun wins face-off versus Martin Hanzal in Wolfes zone.
2:49 of 3rd period - Wrist shot by Brandon Kozun.
2:49 of 3rd period - Goal by Brandon Kozun - Wolfes : 4 - Ice Dragons : 6.
2:50 of 3rd period - Brian Boyle wins face-off versus Kyle Rau in neutral zone.
3:22 of 3rd period - Slapshot by Michael Stone.
3:22 of 3rd period - Deflect By Boone Jenner.
3:22 of 3rd period - Stopped by Oscar Dansk with a rebound.
3:26 of 3rd period - Snap shot by Benn Ferriero.
3:26 of 3rd period - Stopped by Oscar Dansk without a rebound.
3:27 of 3rd period - Logan MacMillan wins face-off versus Martin Hanzal in Ice Dragons zone.
3:59 of 3rd period - Snap shot by Blake Pietila.
3:59 of 3rd period - Stopped by Oscar Dansk without a rebound.
4:00 of 3rd period - Kyle Rau wins face-off versus Brian Boyle in Ice Dragons zone.
4:01 of 3rd period - Wrist shot by Zachary Sanford.
4:01 of 3rd period - Goal by Zachary Sanford - Wolfes : 5 - Ice Dragons : 6.
4:02 of 3rd period - Brian Boyle wins face-off versus Zachary Sanford in neutral zone.
4:13 of 3rd period - Slapshot by Kevin Connauton.
4:13 of 3rd period - Shot Misses the Net.
4:59 of 3rd period - Snap shot by Brayden McNabb.
4:59 of 3rd period - Stopped by Laurent Brossoit with a rebound.
5:11 of 3rd period - Sam Carrick is hit by Anton Lindholm and loses puck.
5:28 of 3rd period - Wrist shot by Jordan LaVallee.
5:28 of 3rd period - Shot Misses the Net.
5:30 of 3rd period - Wrist shot by Brandon Kozun.
5:30 of 3rd period - Shot Blocked by Joe Morrow.
5:40 of 3rd period - Martin Hanzal is hit by Billy Sweat and loses puck.
5:47 of 3rd period - Boone Jenner is hit by Victor Olofsson and loses puck.
6:34 of 3rd period - Off-side.
6:35 of 3rd period - Pavel Kraskovsky wins face-off versus Brian Boyle in neutral zone.
6:37 of 3rd period - Off-side.
6:38 of 3rd period - Pavel Kraskovsky wins face-off versus Jordan LaVallee in neutral zone.
6:44 of 3rd period - Icing by Alex Plante.
6:45 of 3rd period - Benn Ferriero wins face-off versus Brian Boyle in Ice Dragons zone.
6:52 of 3rd period - Slapshot by Jordan LaVallee.
6:52 of 3rd period - Deflect By Brian Boyle.
6:52 of 3rd period - Shot Misses the Net.
6:52 of 3rd period - Puck is out of play.
6:53 of 3rd period - Brian Boyle wins face-off versus Pavel Kraskovsky in Wolfes zone.
7:31 of 3rd period - Snap shot by Kyle Rau.
7:31 of 3rd period - Stopped by Oscar Dansk with a rebound.
7:47 of 3rd period - Wrist shot by Martin Hanzal.
7:47 of 3rd period - Goal by Martin Hanzal - Wolfes : 6 - Ice Dragons : 6.
7:48 of 3rd period - Boone Jenner wins face-off versus Pavel Kraskovsky in neutral zone.
8:03 of 3rd period - Snap shot by Billy Sweat.
8:03 of 3rd period - Stopped by Laurent Brossoit with a rebound.
8:13 of 3rd period - Jordan LaVallee is hit by Sergei Plotnikov and loses puck.
8:22 of 3rd period - Slapshot by Adam Clendening.
8:22 of 3rd period - Deflect By Jordan LaVallee.
8:22 of 3rd period - Shot Misses the Net.
8:22 of 3rd period - Puck is out of play.
8:23 of 3rd period - Pavel Kraskovsky wins face-off versus Boone Jenner in Wolfes zone.
8:32 of 3rd period - Wrist shot by Benn Ferriero.
8:32 of 3rd period - Shot Misses the Net.
9:07 of 3rd period - Off-side.
9:08 of 3rd period - Corban Knight wins face-off versus Martin Hanzal in neutral zone.
9:48 of 3rd period - Jordan LaVallee is hit by Blake Pietila and loses puck.
10:08 of 3rd period - Off-side.
10:09 of 3rd period - Boone Jenner wins face-off versus Kyle Rau in neutral zone.
10:42 of 3rd period - Snap shot by Martin Hanzal.
10:42 of 3rd period - Shot Misses the Net.
10:44 of 3rd period - Wrist shot by Sergei Plotnikov.
10:44 of 3rd period - Stopped by Oscar Dansk without a rebound.
10:45 of 3rd period - Brandon Kozun wins face-off versus Alexandre Grenier in Ice Dragons zone.
11:30 of 3rd period - Slapshot by Kevin Connauton.
11:30 of 3rd period - Stopped by Laurent Brossoit with a rebound.
11:32 of 3rd period - Slapshot by Kevin Connauton.
11:32 of 3rd period - Stopped by Laurent Brossoit with a rebound.
11:57 of 3rd period - Off-side.
11:58 of 3rd period - Brian Boyle wins face-off versus Pavel Kraskovsky in neutral zone.
12:03 of 3rd period - Backhand shot by Pavel Kraskovsky.
12:03 of 3rd period - Stopped by Oscar Dansk with a rebound.
12:17 of 3rd period - Jordan LaVallee is hit by Alexandre Grenier and loses puck.
12:32 of 3rd period - Snap shot by Zachary Sanford.
12:32 of 3rd period - Shot Misses the Net.
12:34 of 3rd period - Snap shot by Joe Morrow.
12:34 of 3rd period - Stopped by Oscar Dansk with a rebound.
12:36 of 3rd period - Slapshot by Thomas Spelling.
12:36 of 3rd period - Shot Blocked by Justin Shugg.
12:38 of 3rd period - Snap shot by Anton Lindholm.
12:38 of 3rd period - Stopped by Oscar Dansk with a rebound.
12:40 of 3rd period - Wrist shot by Thomas Spelling.
12:40 of 3rd period - Shot Misses the Net.
12:42 of 3rd period - Slapshot by Joe Morrow.
12:42 of 3rd period - Stopped by Oscar Dansk without a rebound.
12:43 of 3rd period - Corban Knight wins face-off versus Pavel Kraskovsky in Ice Dragons zone.
12:54 of 3rd period - Wrist shot by Logan MacMillan.
12:54 of 3rd period - Shot Misses the Net.
12:56 of 3rd period - Slapshot by Brayden McNabb.
12:56 of 3rd period - Shot Blocked by Pavel Kraskovsky.
13:08 of 3rd period - Kevin Connauton is hit by Zachary Sanford and loses puck.
13:44 of 3rd period - Slapshot by Boone Jenner.
13:44 of 3rd period - Stopped by Laurent Brossoit with a rebound.
14:27 of 3rd period - Corban Knight is hit by Joe Morrow and loses puck.
14:50 of 3rd period - Robin Norell is hit by Joe Morrow and loses puck.
15:03 of 3rd period - Chris Wagner is hit by Martin Hanzal and loses puck.
16:01 of 3rd period - Alexandre Grenier is hit by Adam Clendening and loses puck.
16:20 of 3rd period - Adam Clendening is hit by Anton Karlsson and loses puck.
16:49 of 3rd period - Slapshot by Boone Jenner.
16:49 of 3rd period - Stopped by Laurent Brossoit without a rebound.
16:50 of 3rd period - Martin Hanzal wins face-off versus Boone Jenner in Wolfes zone.
16:50 of 3rd period - Martin Hanzal is hit by Justin Shugg.
17:05 of 3rd period - Snap shot by Billy Sweat.
17:05 of 3rd period - Stopped by Laurent Brossoit with a rebound.
17:07 of 3rd period - Wrist shot by Billy Sweat.
17:07 of 3rd period - Shot Hit the Post.
17:09 of 3rd period - Slapshot by Billy Sweat.
17:09 of 3rd period - Shot Blocked by Michael Stone.
17:11 of 3rd period - Slapshot by Jerome Gauthier-Leduc.
17:11 of 3rd period - Shot Misses the Net.
17:13 of 3rd period - Wrist shot by Justin Shugg.
17:13 of 3rd period - Stopped by Laurent Brossoit with a rebound.
17:15 of 3rd period - Snap shot by Boone Jenner.
17:15 of 3rd period - Ice Dragons goal is going for a video replay.
17:15 of 3rd period - The goal is good.
17:15 of 3rd period - Goal by Boone Jenner - Wolfes : 6 - Ice Dragons : 7.
17:16 of 3rd period - Kyle Rau wins face-off versus Brian Boyle in neutral zone.
17:19 of 3rd period - Brayden McNabb is hit by Kyle Rau and loses puck.
17:31 of 3rd period - Minor Penalty to Thomas Spelling for Hooking.
17:32 of 3rd period - Brian Boyle wins face-off versus Zachary Sanford in Wolfes zone.
18:25 of 3rd period - Slapshot by Brayden McNabb.
18:25 of 3rd period - Deflect By Brandon Kozun.
18:25 of 3rd period - Stopped by Laurent Brossoit without a rebound.
18:26 of 3rd period - Kyle Rau wins face-off versus Brian Boyle in Wolfes zone.
18:49 of 3rd period - Michael Stone is hit by Justin Shugg and loses puck.
18:54 of 3rd period - Slapshot by Billy Sweat.
18:54 of 3rd period - Stopped by Laurent Brossoit without a rebound.
18:55 of 3rd period - Ron Wilson call a timeout for Wolfes.
18:55 of 3rd period - Zachary Sanford wins face-off versus Boone Jenner in Wolfes zone.
19:04 of 3rd period - Slapshot by Benn Ferriero.
19:04 of 3rd period - Shot Misses the Net.
19:31 of 3rd period - Penalty to Thomas Spelling is over, Thomas Spelling is back on ice.
19:32 of 3rd period - Slapshot by Billy Sweat.
19:32 of 3rd period - Goal by Billy Sweat - Wolfes : 6 - Ice Dragons : 8.
19:33 of 3rd period - Kyle Rau wins face-off versus Sam Carrick in neutral zone.
19:35 of 3rd period - Minor Penalty to Jeffrey Foss for Hooking.
19:36 of 3rd period - Brian Boyle wins face-off versus Zachary Sanford in Wolfes zone.
19:51 of 3rd period - Off-side.
19:52 of 3rd period - Brian Boyle wins face-off versus Martin Hanzal in neutral zone.
Goals for this period are 2 for Wolfes vs 3 for Ice Dragons.
Shots for this period are 11 for Wolfes vs 16 for Ice Dragons.
Back to the Top